| 
	| TOP OF THE 1ST | 
|---|
 
		| Tennessee Smokies batting - Pitching for Altoona Curve : LHP Alfredo Carranza |  
		| Pitching: LHP Alfredo Carranza |  |  
		| Batting: LHB Nate Greening | 0-0: Ball 1-0: Ball
 2-0: Called Strike
 2-1: Ground out 1-3 (Groundball, P, EV 64.4 MPH)
 |  
		| Batting: RHB Du Kim | 0-0: Ball 1-0: Ground out 6-3 (Groundball, 56, EV 84.4 MPH)
 |  
		| Batting: RHB Ricky Ramirez | 0-0: Foul Ball, location: 2F 0-1: Ball
 1-1: Ball
 2-1: Ball
 3-1: Called Strike
 3-2: Strikes out swinging
 |  
		| Top of the 1st over - 0 runs, 0 hits, 0 errors, 0 left on base; Tennessee 0 - Altoona 0 |  
	| BOTTOM OF THE 1ST | 
|---|
 
		| Altoona Curve batting - Pitching for Tennessee Smokies : RHP Anastagio Fasola |  
		| Pitching: RHP Anastagio Fasola |  |  
		| Batting: RHB Melvin Durland | 0-0: Ball 1-0: Swinging Strike
 1-1: Ball
 2-1: Foul Ball, location: 2F
 2-2: Foul Ball, location: 2F
 2-2: Foul Ball, location: 2F
 2-2: Foul Ball, location: 2F
 2-2: SINGLE  (Flyball, 89S, EV 96.9 MPH)
 |  
		| Batting: RHB Alex Arzate | 0-0: Ball Melvin Durland steals 2nd base
 1-0: Foul Ball, location: 2F
 1-1: Foul Ball, location: 2F
 1-2: Foul Ball, location: 2F
 1-2:  Fly out, F7  (Flyball, 78M, EV 84.4 MPH)
 Runner from 2nd tags up, SAFE at 3rd with throw by LF
 |  
		| Batting: LHB Josh Aerni | 0-0: Called Strike 0-1: Swinging Strike
 0-2: Ball
 1-2: Foul Ball, location: 2F
 1-2: Ball
 2-2: Foul Ball, location: 2F
 2-2: Strikes out swinging
 |  
		| Batting: RHB Brandon White | 0-0:  Fly out, F7  (Flyball, 7, EV 97.5 MPH) |  
		| Bottom of the 1st over - 0 runs, 1 hit, 0 errors, 1 left on base; Tennessee 0 - Altoona 0 |  
	| TOP OF THE 2ND | 
|---|
 
		| Tennessee Smokies batting - Pitching for Altoona Curve : LHP Alfredo Carranza |  
		| Batting: LHB Daigo Ishii | 0-0: Ball 1-0: Ball
 2-0: Swinging Strike
 2-1: Foul Ball, location: 2F
 2-2: Foul Ball, location: 2F
 2-2: Strikes out swinging
 |  
		| Batting: RHB Juan Bonilla | 0-0: Ball 1-0: Ground out 6-3 (Groundball, 6S, EV 92.5 MPH)
 |  
		| Batting: RHB Armando Vilano | 0-0: Foul Ball, location: 2F 0-1: Ball
 1-1: Called Strike
 1-2: Foul Ball, location: 2F
 1-2: Ball
 2-2: Foul Ball, location: 2F
 2-2: Ball
 3-2: SINGLE  (Line Drive, 4D, EV 97.5 MPH)
 |  
		| Batting: RHB Taylor Garofalo | 0-0: Ball 1-0: Ball
 2-0: Foul Ball, location: 2F
 2-1:  Fly out, F5  (Popup, 5SF, EV 84.4 MPH)
 |  
		| Top of the 2nd over - 0 runs, 1 hit, 0 errors, 1 left on base; Tennessee 0 - Altoona 0 |  
	| BOTTOM OF THE 2ND | 
|---|
 
		| Altoona Curve batting - Pitching for Tennessee Smokies : RHP Anastagio Fasola |  
		| Batting: LHB Joe Wise | 0-0: Called Strike 0-1: Foul Ball, location: 2F
 0-2: SINGLE  (Line Drive, 8RS, EV 91.9 MPH)
 |  
		| Batting: RHB Jeff Edwards | 0-0: Called Strike 0-1: Swinging Strike
 0-2: Ball
 1-2: Ball
 2-2: DOUBLE  (Flyball, 8LXD, EV 96.2 MPH)
 Joe Wise to third
 |  
		| Batting: RHB Tim Moore | 0-0: Ball 1-0: Swinging Strike
 1-1: Ball
 2-1: Foul Ball, location: 2F
 2-2: Strikes out swinging
 |  
		| Batting: SHB Ronnie Brooks | 0-0: Called Strike 0-1: TRIPLE  (Groundball, 3L, EV 95.0 MPH)
 Joe Wise scores
 Jeff Edwards scores
 |  
		| Batting: LHB Rogelio Nunez | 0-0: Ball 1-0: Ball
 2-0:  Fly out, F7  (Flyball, 7S, EV 90.0 MPH)
 |  
		| Batting: RHB Melvin Durland | 0-0: SINGLE  (Groundball, 56S, EV 70.6 MPH) (infield hit) Ronnie Brooks scores
 |  
		| Batting: RHB Alex Arzate | 0-0: Called Strike 0-1: Fielders Choice at 2nd, U6 (Groundball, 6M, EV 103.1 MPH)
 |  
		| Bottom of the 2nd over - 3 runs, 4 hits, 0 errors, 1 left on base; Tennessee 0 - Altoona 3 |  
	| TOP OF THE 3RD | 
|---|
 
		| Tennessee Smokies batting - Pitching for Altoona Curve : LHP Alfredo Carranza |  
		| Batting: RHB Roy Battist | 0-0: Ball 1-0: Ball
 2-0: Called Strike
 2-1: Foul Ball, location: 2F
 2-2: Strikes out swinging
 |  
		| Batting: RHB Dylan Burke | 0-0: Swinging Strike 0-1: Ball
 1-1: SINGLE  (Groundball, 6MD, EV 104.4 MPH)
 |  
		| Batting: LHB Nate Greening | 0-0: Called Strike 0-1: Ball
 1-1: Reached on error, E6 (Groundball, 6, EV 104.4 MPH)
 Dylan Burke to second
 |  
		| Batting: RHB Du Kim | 0-0: Ball 1-0: Ball
 2-0: Swinging Strike
 2-1: Ball
 3-1: Base on Balls
 Dylan Burke to third
 Nate Greening to second
 |  
		| Batting: RHB Ricky Ramirez | 0-0: Called Strike 0-1: Foul Ball, location: 2F
 0-2: Ball
 1-2: Foul Ball, location: 2F
 1-2:  Fly out, F3  (Popup, 3S, EV 71.2 MPH)
 |  
		| Batting: LHB Daigo Ishii | 0-0: Ball 1-0: Ball
 2-0: Ball
 3-0: Called Strike
 3-1: Foul Ball, location: 2F
 3-2: Foul Ball, location: 2F
 3-2: Ground out 4-3 (Groundball, 34, EV 78.8 MPH)
 |  
		| Top of the 3rd over - 0 runs, 1 hit, 1 error, 3 left on base; Tennessee 0 - Altoona 3 |  
	| BOTTOM OF THE 3RD | 
|---|
 
		| Altoona Curve batting - Pitching for Tennessee Smokies : RHP Anastagio Fasola |  
		| Batting: LHB Josh Aerni | 0-0: Called Strike 0-1: Foul Ball, location: 2F
 0-2: Foul Ball, location: 2F
 0-2: SINGLE  (Groundball, 6MD, EV 96.2 MPH)
 |  
		| Batting: RHB Brandon White | 0-0: Ball 1-0:  Fly out, F8  (Flyball, 8LM, EV 86.2 MPH)
 |  
		| Pitching: RHP Jose Ramirez |  |  
		| Batting: LHB Joe Wise | Pickoff Throw to First - Out! 1-3 CS 0-0: Ball
 1-0: Ball
 2-0: Called Strike
 2-1: Ground out 4-3 (Groundball, 4, EV 90.6 MPH)
 |  
		| Bottom of the 3rd over - 0 runs, 1 hit, 0 errors, 0 left on base; Tennessee 0 - Altoona 3 |  
	| TOP OF THE 4TH | 
|---|
 
		| Tennessee Smokies batting - Pitching for Altoona Curve : LHP Alfredo Carranza |  
		| Batting: RHB Juan Bonilla | 0-0: Foul Ball, location: 2F 0-1: Swinging Strike
 0-2: Hit by Pitch
 |  
		| Batting: RHB Armando Vilano | 0-0: Ball 1-0: Swinging Strike
 1-1: SINGLE  (Groundball, 56D, EV 98.1 MPH)
 Juan Bonilla to second
 |  
		| Batting: RHB Taylor Garofalo | 0-0: Called Strike 0-1: Ball
 1-1: Called Strike
 1-2: Ball
 2-2: Ball
 3-2: Strikes out swinging
 |  
		| Batting: RHB Roy Battist | 0-0: Ball 1-0: Called Strike
 1-1: Foul Ball, location: 2F
 1-2: Strikes out looking
 |  
		| Batting: RHB Dylan Burke | 0-0: Called Strike 0-1: Fielders Choice at 2nd, 5-4 (Groundball, 5, EV 88.8 MPH)
 |  
		| Top of the 4th over - 0 runs, 1 hit, 0 errors, 2 left on base; Tennessee 0 - Altoona 3 |  
	| BOTTOM OF THE 4TH | 
|---|
 
		| Altoona Curve batting - Pitching for Tennessee Smokies : RHP Jose Ramirez |  
		| Batting: RHB Jeff Edwards | 0-0: Ground out 4-3 (Groundball, 4S, EV 91.2 MPH) |  
		| Batting: RHB Tim Moore | 0-0:  Fly out, F3  (Popup, 3SF, EV 80.0 MPH) |  
		| Batting: SHB Ronnie Brooks | 0-0: Ball 1-0: Ball
 2-0: Ground out 4-3 (Groundball, 34D, EV 100.0 MPH)
 |  
		| Bottom of the 4th over - 0 runs, 0 hits, 0 errors, 0 left on base; Tennessee 0 - Altoona 3 |  
	| TOP OF THE 5TH | 
|---|
 
		| Tennessee Smokies batting - Pitching for Altoona Curve : LHP Alfredo Carranza |  
		| Batting: LHB Nate Greening | 0-0: Called Strike 0-1: Called Strike
 0-2: Ball
 1-2: Foul Ball, location: 2F
 1-2: Strikes out looking
 |  
		| Batting: RHB Du Kim | 0-0: Ball 1-0: Ball
 2-0: Swinging Strike
 2-1: Swinging Strike
 2-2:  Fly out, F9  (Flyball, 9, EV 74.4 MPH)
 |  
		| Batting: RHB Ricky Ramirez | 0-0: Called Strike 0-1: Ground out 6-3 (Groundball, 4M, EV 85.6 MPH)
 |  
		| Top of the 5th over - 0 runs, 0 hits, 0 errors, 0 left on base; Tennessee 0 - Altoona 3 |  
	| BOTTOM OF THE 5TH | 
|---|
 
		| Altoona Curve batting - Pitching for Tennessee Smokies : RHP Jose Ramirez |  
		| Batting: LHB Rogelio Nunez | 0-0: Ball 1-0: Called Strike
 1-1:  SOLO HOME RUN  (Flyball, 9LD, EV 93.8 MPH), Distance : 337 ft
 |  
		| Batting: RHB Melvin Durland | 0-0: Ball 1-0: Ball
 2-0: Foul Ball, location: 2F
 2-1: Foul Ball, location: 2F
 2-2: Foul Ball, location: 2F
 2-2: Foul Ball, location: 2F
 2-2: Foul Ball, location: 2F
 2-2: Ball
 3-2: Base on Balls
 |  
		| Batting: RHB Alex Arzate | 0-0: Ball 1-0: Fielders Choice at 2nd, 6-4 (Groundball, 6, EV 93.1 MPH)
 |  
		| Batting: LHB Josh Aerni | 0-0: Swinging Strike 0-1: Foul Ball, location: 2F
 0-2: Strikes out swinging
 |  
		| Batting: RHB Brandon White | 0-0: Ball 1-0: Foul Ball, location: 2F
 1-1: Ground out U3 (Groundball, 3S, EV 80.0 MPH)
 |  
		| Bottom of the 5th over - 1 run, 1 hit, 0 errors, 1 left on base; Tennessee 0 - Altoona 4 |  
	| TOP OF THE 6TH | 
|---|
 
		| Tennessee Smokies batting - Pitching for Altoona Curve : LHP Alfredo Carranza |  
		| Batting: LHB Daigo Ishii | 0-0: Ball 1-0: Foul Ball, location: 2F
 1-1: Ball
 2-1: Swinging Strike
 2-2: Strikes out swinging
 |  
		| Batting: RHB Juan Bonilla | 0-0: Ground out U3 (Groundball, 3, EV 81.9 MPH) |  
		| Batting: RHB Armando Vilano | 0-0: Ground out 6-3 (Groundball, P, EV 90.0 MPH) |  
		| Top of the 6th over - 0 runs, 0 hits, 0 errors, 0 left on base; Tennessee 0 - Altoona 4 |  
	| BOTTOM OF THE 6TH | 
|---|
 
		| Altoona Curve batting - Pitching for Tennessee Smokies : RHP Jose Ramirez |  
		| Pitching: RHP Velimir Sljivancanin |  |  
		| Batting: LHB Joe Wise | 0-0: Called Strike 0-1: Ball
 1-1: Foul Ball, location: 2F
 1-2: Foul Ball, location: 2F
 1-2: Foul Ball, location: 2F
 1-2: Strikes out swinging
 |  
		| Batting: RHB Jeff Edwards | 0-0: Ball 1-0: Called Strike
 1-1: Ground out 5-3 (Groundball, 5, EV 105.0 MPH)
 |  
		| Batting: RHB Tim Moore | 0-0: Ball 1-0: DOUBLE  (Line Drive, 9LS, EV 110.0 MPH)
 |  
		| Batting: SHB Ronnie Brooks | 0-0:  Fly out, F7  (Flyball, 7D, EV 103.8 MPH) |  
		| Bottom of the 6th over - 0 runs, 1 hit, 0 errors, 1 left on base; Tennessee 0 - Altoona 4 |  
	| TOP OF THE 7TH | 
|---|
 
		| Tennessee Smokies batting - Pitching for Altoona Curve : LHP Alfredo Carranza |  
		| Batting: RHB Taylor Garofalo | 0-0: Ball 1-0: Ball
 2-0: Called Strike
 2-1: Swinging Strike
 2-2: Ball
 3-2: Strikes out swinging
 |  
		| Batting: RHB Roy Battist | 0-0: Ball 1-0: Ball
 2-0: Ball
 3-0: Called Strike
 3-1: Called Strike
 3-2: DOUBLE  (Line Drive, 9LM, EV 103.8 MPH)
 |  
		| Batting: RHB Dylan Burke | 0-0: Called Strike 0-1: Ground out 5-3 (Groundball, 5S, EV 88.1 MPH)
 |  
		| Batting: LHB Nate Greening | 0-0: Ball 1-0: Ball
 2-0:  Fly out, F8  (Flyball, 8LD, EV 88.1 MPH)
 |  
		| Top of the 7th over - 0 runs, 1 hit, 0 errors, 1 left on base; Tennessee 0 - Altoona 4 |  
	| BOTTOM OF THE 7TH | 
|---|
 
		| Altoona Curve batting - Pitching for Tennessee Smokies : RHP Velimir Sljivancanin |  
		| Batting: LHB Rogelio Nunez | 0-0: SINGLE  (Groundball, 6M, EV 105.6 MPH) |  
		| Batting: RHB Melvin Durland | 0-0: Called Strike Rogelio Nunez steals 2nd base
 0-1: Bunt missed!
 0-2: Foul Ball, location: 2F
 0-2: Ball
 1-2: Foul Ball, location: 2F
 1-2: Ball
 2-2: Foul Ball, location: 2F
 2-2: Ball
 3-2: Base on Balls
 |  
		| Batting: RHB Alex Arzate | 0-0: Bunt missed! 0-1: Ball
 1-1: Bunted foul
 1-2: Foul Ball, location: 2F
 1-2: Ball
 2-2: Foul Ball, location: 2F
 2-2:  Fly out, F8  (Flyball, 8LD, EV 98.8 MPH)
 Runner from 2nd tags up, SAFE at 3rd with throw by CF
 |  
		| Batting: LHB Josh Aerni | 0-0: Ball Melvin Durland steals 2nd base
 1-0: Swinging Strike
 1-1: Foul Ball, location: 2F
 1-2: Ball
 2-2: Ball
 3-2:  3-RUN HOME RUN  (Flyball, 7D, EV 99.4 MPH), Distance : 370 ft
 |  
		| Pitching: RHP Bogdan Sdobnyakov |  |  
		| Batting: RHB Brandon White | 0-0: Ball 1-0: Foul Ball, location: 2F
 1-1: Ball
 2-1: Ball
 3-1: Base on Balls
 |  
		| Batting: LHB Joe Wise | 0-0: Called Strike 0-1: Ball
 1-1: Foul Ball, location: 2F
 1-2: Strikes out swinging
 |  
		| Batting: RHB Jeff Edwards | 0-0:  Fly out, F8  (Flyball, 8RS, EV 83.8 MPH) |  
		| Bottom of the 7th over - 3 runs, 2 hits, 0 errors, 1 left on base; Tennessee 0 - Altoona 7 |  
	| TOP OF THE 8TH | 
|---|
 
		| Tennessee Smokies batting - Pitching for Altoona Curve : LHP Alfredo Carranza |  
		| Batting: RHB Du Kim | 0-0: Ball 1-0: Called Strike
 1-1: Ball
 2-1: Foul Ball, location: 2F
 2-2: Foul Ball, location: 2F
 2-2: Ground out 6-3 (Groundball, 6, EV 83.8 MPH)
 |  
		| Batting: RHB Ricky Ramirez | 0-0: Ball 1-0: Called Strike
 1-1: Ball
 2-1: Foul Ball, location: 2F
 2-2: Strikes out swinging
 |  
		| Batting: LHB Daigo Ishii | 0-0: Ball 1-0: Ball
 2-0: Ball
 3-0: Base on Balls
 |  
		| Pitching: RHP Jeff Crescimanno |  |  
		| Pinch Hitting: RHB Denis Rachin | 0-0: Ball 1-0: Ball
 2-0: Foul Ball, location: 2F
 2-1: Foul Ball, location: 2F
 2-2: Foul Ball, location: 2F
 2-2: Ball
 3-2: Base on Balls
 Daigo Ishii to second
 |  
		| Batting: RHB Armando Vilano | 0-0: Ball 1-0: Called Strike
 1-1: Swinging Strike
 1-2: Fielders Choice at 2nd, 6-4 (Groundball, 6, EV 100.6 MPH)
 |  
		| Top of the 8th over - 0 runs, 0 hits, 0 errors, 2 left on base; Tennessee 0 - Altoona 7 |  
	| BOTTOM OF THE 8TH | 
|---|
 
		| Altoona Curve batting - Pitching for Tennessee Smokies : RHP Bogdan Sdobnyakov |  
		| Now at C: Denis Rachin |  |  
		| Now at 1B: Dylan Burke |  |  
		| Batting: RHB Tim Moore | 0-0: Ball 1-0: Called Strike
 1-1:  Fly out, F9  (Flyball, 9D, EV 104.4 MPH)
 |  
		| Batting: SHB Ronnie Brooks | 0-0: Ground out 4-3 (Groundball, 4, EV 95.0 MPH) |  
		| Batting: LHB Rogelio Nunez | 0-0: Ball 1-0: Ball
 2-0: Ball
 3-0: Called Strike
 3-1: Called Strike
 3-2: DOUBLE  (Flyball, 78D, EV 110.6 MPH)
 |  
		| Pitching: RHP Roberto Cruz |  |  
		| Batting: RHB Melvin Durland | 0-0: Ball 1-0: Foul Ball, location: 2F
 1-1: Ball
 2-1: Foul Ball, location: 2F
 2-2: Foul Ball, location: 2F
 2-2: Foul Ball, location: 2F
 2-2: Strikes out swinging
 |  
		| Bottom of the 8th over - 0 runs, 1 hit, 0 errors, 1 left on base; Tennessee 0 - Altoona 7 |  
	| TOP OF THE 9TH | 
|---|
 
		| Tennessee Smokies batting - Pitching for Altoona Curve : RHP Jeff Crescimanno |  
		| Batting: RHB Taylor Garofalo | 0-0: Called Strike 0-1:  Fly out, F8  (Flyball, 8LD, EV 66.2 MPH)
 |  
		| Batting: RHB Roy Battist | 0-0: Called Strike 0-1: Called Strike
 0-2: Ball
 1-2: Strikes out looking
 |  
		| Pinch Hitting: LHB Emir Jalil | 0-0: Ball 1-0: SINGLE  (Groundball, 56D, EV 108.8 MPH)
 |  
		| Batting: LHB Nate Greening | 0-0: Ball 1-0:  Fly out, F5  (Popup, 5F, EV 59.4 MPH)
 |  
		| Top of the 9th over - 0 runs, 1 hit, 0 errors, 1 left on base; Tennessee 0 - Altoona 7 |  |